 Dungeon Crawl Stone Soup version 0.25-a0-942-g87a53962fc (webtiles) character file.

Game seed: 13785376683398768230, levelgen mode: deterministic

1582 wullow the Stinger (level 8, -2/53 HPs)
             Began as a Demonspawn Venom Mage on May 6, 2020.
             Slain by an unseen horror (7 damage)
             ... on level 7 of the Dungeon.
             The game lasted 00:31:02 (9303 turns).

wullow the Stinger (Demonspawn Venom Mage)          Turns: 9303, Time: 00:31:02

Health: -2/53      AC:  3    Str: 10    XL:     8   Next: 60%
Magic:  0/15       EV: 12    Int: 18    God:
Gold:   250        SH:  0    Dex: 13    Spells: 8/17 levels left

rFire    . . .     SeeInvis .   p - +0 whip (elec)
rCold    . . .     Gourm    .   (no shield)
rNeg     . . .     Faith    .   a - +1 robe
rPois    .         Spirit   +   (helmet restricted)
rElec    .         Reflect  .   (no cloak)
rCorr    .         Harm     .   (no gloves)
MR       .....                  (no boots)
Stlth    ++........             (no amulet)
HPRegen  0.17/turn              (no ring)
MPRegen  0.14/turn              (no ring)

@: about to teleport
A: horns 2, powered by pain 2, magic shield
a: no special abilities


You were on level 7 of the Dungeon.
You were not hungry.

You visited 1 branch of the dungeon, and saw 7 of its levels.
You also visited: Sewer.

You collected 250 gold pieces.

Inventory:

Hand Weapons
 b - a +0 giant spiked club
 e - a +0 dagger
 p - a +0 whip of electrocution (weapon)
 q - a +0 vorpal falchion
Missiles
 f - 128 stones (quivered)
 g - 30 arrows
 h - 81 sling bullets
Armour
 a - a +1 robe (worn)
Wands
 m - a wand of disintegration (13)
Scrolls
 i - a scroll of magic mapping
 k - a scroll of enchant armour
 n - 6 scrolls of identify
 t - 2 scrolls of teleportation
 u - 2 scrolls of remove curse
Potions
 d - a potion of haste
 j - a potion of flight
 l - a potion of ambrosia
 o - 2 potions of brilliance
 r - a potion of heal wounds {unknown}
Comestibles
 c - 6 rations
 s - a chunk of flesh


   Skills:
 + Level 0.6 Fighting
 - Level 2.0 Dodging
 - Level 2.0 Stealth
 + Level 5.1 Spellcasting
 - Level 4.0 Conjurations
 - Level 3.0 Transmutations
 - Level 4.0 Fire Magic
 - Level 3.0 Air Magic
 + Level 5.8 Poison Magic


You had 8 spell levels left.
You knew the following spells:

 Your Spells              Type           Power        Failure   Level  Hunger
a - Sting                 Tmut/Pois      ###.         2%          1    None
b - Poisonous Vapours     Pois/Air       ###...       3%          2    #......
c - Mephitic Cloud        Conj/Pois/Air  ###.....     7%          3    ##.....
d - Ignite Poison         Fire/Tmut/Pois ###.....     7%          3    ##.....

Your spell library contained the following spells:

 Spells                   Type           Power        Failure   Level  Hunger
 Olgreb's Toxic Radiance  Pois           ####....     12%         4    ####...


Dungeon Overview and Level Annotations

Branches:
Dungeon (7/15)              Sewer (visited)
 Temple: D:4-7

Altars:
Ashenzari
Fedhas
Gozag
Yredelemnul

Shops:
D:5 *

Annotations:
D:3 3 runed translucent doors, tilp's ghost, amateur KoAM


Innate Abilities, Weirdness & Mutations

You have a pair of horns on your head.
You sometimes gain power by taking damage.
When hurt, damage is shared between your health and your magic reserves.


Message History

You hear a shout!
Something hits you.
Casting: Mephitic Cloud (dangerous; 7% risk of failure)
Confirm with . or Enter, or press ? or * to list all spells.
You ignite the poison in your surroundings!
Something hits you!
You focus on the pain.
You feel your power returning.
An ogre comes into view. It is wielding a +0 giant club.
The ogre shouts!
You hear a shout!
Something hits you! x2
* * * LOW HITPOINT WARNING * * *
You see here a scroll of blinking.
Something hits you but does no damage. Something barely misses you.
You closely miss something. Something barely misses you. Something hits you!
* * * LOW HITPOINT WARNING * * *
Something hits you.
* * * LOW HITPOINT WARNING * * *
You miss something. Something hits you but does no damage.
As you read the scroll of teleportation, it crumbles to dust.
You feel strangely unstable. Something hits you!
You die...

#### #.. ###
#.##### ....#
#<...<#
###...#@..###.#
.....°.?......#
####.....######
#..°O...
#..†#.###
........
####..#### #.(
#..


You could see an ogre.

Vanquished Creatures
  Menkaure (D:6)
  A sky beast (D:5)
  An ice beast (D:5)
  3 ogres
  2 bullfrogs (Sewer)
  2 scorpions
  2 howler monkeys
  3 crimson imps
  3 bullfrog skeletons
  2 orc priests (D:3)
  2 orc wizards (D:5)
  3 worker ants
  2 howler monkey zombies (D:6)
  4 gnolls (D:5)
  6 adders
  A river rat (D:3)
  A shadow imp (D:6)
  16 oozes
  3 worms
  A dart slug (D:1)
  11 leopard geckos
  8 orcs
  12 giant cockroaches
  9 hobgoblins
  13 jackals
  2 quokkas (D:3)
  12 ball pythons
  7 bats
  18 frilled lizards
  10 goblins
  A jackal skeleton (D:4)
  5 kobolds
  A leopard gecko zombie (D:6)
  7 rats
175 creatures vanquished.

Vanquished Creatures (others)
  A fungus (D:3)
  3 plants (D:3)
4 creatures vanquished.

Grand Total: 179 creatures vanquished

Notes
Turn   | Place    | Note
-------+----------+-------------------------------------------
     0 | D:1      | wullow the Demonspawn Venom Mage began the quest for the
                  | Orb.
     0 | D:1      | Reached XP level 1. HP: 13/13 MP: 3/3
    36 | D:1      | Reached skill level 1 in Transmutations
   568 | D:1      | Gained mutation: When hurt, damage is shared between your
                  | health and your magic reserves. [demonic ancestry]
   568 | D:1      | Reached XP level 2. HP: 7/19 MP: 0/5
   572 | D:1      | Learned a level 2 spell: Poisonous Vapours
  1471 | D:1      | Gained mutation: You sometimes gain a little power by
                  | taking damage. [demonic ancestry]
  1471 | D:1      | Reached XP level 3. HP: 24/24 MP: 6/6
  1585 | D:2      | Found a blossoming altar of Fedhas.
  1650 | D:2      | Learned a level 3 spell: Mephitic Cloud
  1717 | D:1      | HP: 1/24 [hobgoblin/+0 club (2)]
  2093 | D:2      | Reached skill level 1 in Air Magic
  2320 | D:2      | Found a faded altar of an unknown god.
  2686 | D:3      | Gained mutation: You sometimes gain power by taking damage.
                  | [demonic ancestry]
  2686 | D:3      | Reached XP level 4. HP: 30/30 MP: 5/7
  2783 | D:3      | Noticed a big kobold
  2783 | D:3      | Noticed tilp's ghost (amateur KoAM)
  2785 | D:3      | Found a runed translucent gate.
  2785 | D:3      | Found a runed translucent gate.
  2785 | D:3      | Found a runed translucent gate.
  2785 | D:3      | Identified the +4 dagger of Imminent Death {venom, Int+4
                  | Stlth+}
  2785 | D:3      | Noticed a big kobold
  3042 | D:3      | Found a glowing drain.
  3051 | Sewer    | Entered a sewer
  3174 | Sewer    | Reached skill level 1 in Conjurations
  3634 | Sewer    | Gained mutation: You have a pair of small horns on your
                  | head. [demonic ancestry]
  3634 | Sewer    | Reached XP level 5. HP: 33/35 MP: 0/8
  3815 | Sewer    | Learned a level 3 spell: Ignite Poison
  5003 | Sewer    | Reached skill level 1 in Fire Magic
  5003 | Sewer    | Gained mutation: You have a pair of horns on your head.
                  | [demonic ancestry]
  5003 | Sewer    | Reached XP level 6. HP: 14/41 MP: 0/10
  6665 | D:4      | Reached XP level 7. HP: 46/46 MP: 3/11
  7376 | D:5      | Entered Level 5 of the Dungeon
  7764 | D:5      | Reached XP level 8. HP: 22/52 MP: 0/13
  8310 | D:5      | Reached skill level 5 in Poison Magic
  8499 | D:5      | Found an opulent altar of Gozag.
  8503 | D:5      | Found a basalt altar of Yredelemnul.
  8503 | D:5      | Found a shattered altar of Ashenzari.
  8507 | D:5      | Found Gozag's Platinum Reserve.
  8960 | D:6      | Noticed Menkaure
  8967 | D:6      | Killed Menkaure
  9142 | D:6      | Reached skill level 5 in Spellcasting
  9303 | D:7      | Slain by an unseen horror

Levels and vault maps discovered:
D:1:      onia_arrival_mini_spirals, layout_basic, minmay_octomino_j4
D:2:      layout_rooms, old_standard_altar,
          chequers_ecumenical_altar_simple_redux
D:3:      layout_loops_corners, first_ration, gammafunk_ghost_nasty_kobolds,
          portal_sewer_entry_b, bh_walls_and_bars
D:4:      layout_cave_pools, dk_rats_in_the_wall
D:5:      layout_loops_cross, gammafunk_temple_overflow_wave,
          nicolae_gozag_zags_fifth_avenue
D:6:      layout_gridville, uniq_menkaure
D:7:      layout_basic, minmay_overflow_temple_star_hex,
          minmay_temple_entry_hall, serial_shops, shop

Skill      XL: |  1  2  3  4  5  6  7  8 |
---------------+-------------------------+-----
Transmutations | 1 2 3 |  3.0
Air Magic      | 1 2 3 |  3.0
Conjurations   | 1 2 4 |  4.0
Fire Magic     | 1 2 3 4 |  4.0
Spellcasting   | 3 5 |  5.1
Poison Magic   | 4 5 |  5.8
Dodging        | 2 |  2.0
Stealth        | 2 |  2.0
Fighting       | |  0.6

Action                   |  1- 3 |  4- 6 |  7- 9 || total
-------------------------+-------+-------+-------++-------
Melee: Spear             |   107 |   154 |       ||   261
       Headbutt          |       |    14 |    15 ||    29
       Dagger            |       |       |    31 ||    31
       Whip              |       |       |    37 ||    37
Throw: Stone             |       |    13 |       ||    13
 Cast: Sting             |    53 |   177 |    71 ||   301
       Poisonous Vapours |     2 |    12 |    14 ||    28
       Mephitic Cloud    |       |       |     5 ||     5
       Ignite Poison     |       |       |     5 ||     5
  Use: Scroll            |     7 |     4 |     5 ||    16
       Potion            |       |     1 |       ||     1
 Stab: Sleeping          |     2 |       |       ||     2
       Distracted        |     1 |       |       ||     1
  Eat: Chunk             |     6 |    14 |     6 ||    26
       Ration            |       |       |     1 ||     1
Armor: Robe              |    31 |    42 |    18 ||    91
       Skin              |       |    26 |       ||    26
Dodge: Dodged            |    84 |   160 |    55 ||   299

Table legend:
 A = Non-vault XP
 B = Vault XP
 C = Vault XP percentage of total XP
 D = Non-vault monster count
 E = Vault monster count
 F = Vault count percentage of total count
                 A         B        C        D         E       F
            +---------+---------+-------+---------+---------+-------
      Total |    1661 |     600 |  26.5 |     111 |      64 |  36.6
            +---------+---------+-------+---------+---------+-------
        D:1 |      40 |      12 |  23.1 |      24 |       4 |  14.3
        D:2 |      41 |       0 |   0.0 |      15 |       0 |   0.0
        D:3 |     210 |      19 |   8.3 |      38 |       5 |  11.6
        D:4 |     349 |       0 |   0.0 |       6 |       0 |   0.0
        D:5 |     682 |       0 |   0.0 |      18 |       0 |   0.0
        D:6 |     213 |     172 |  44.7 |       8 |       1 |  11.1
        D:7 |     126 |       0 |   0.0 |       2 |       0 |   0.0
      Sewer |       0 |     397 | 100.0 |       0 |      54 | 100.0
            +---------+---------+-------+---------+---------+-------
